 Dungeon Crawl Stone Soup version 0.27.1-33-g824d729ab1 (webtiles) character file.

Game seed: 13561666527729269576

175 raph the Stinger (level 5, 0/28 HPs)
             Began as a Deep Elf Venom Mage on Dec 4, 2021.
             Was an Initiate of Makhleb.
             Slain by an iguana (9 damage)
             ... on level 4 of the Dungeon.
             The game lasted 00:09:21 (4436 turns).

raph the Stinger (Deep Elf Venom Mage)              Turns: 4436, Time: 00:09:22

Health: 0/28       AC:  2    Str:  5    XL:     5   Next: 29%
Magic:  9/12       EV: 12    Int: 21    God:    Makhleb [......]
Gold:   132        SH:  0    Dex: 15    Spells: 0/10 levels left

rFire    . . .     SeeInvis .   k - +0 rapier (flame)
rCold    . . .     Faith    .   (no shield)
rNeg     . . .     Spirit   .   a - +0 robe
rPois    .         Reflect  .   (no helmet)
rElec    .         Harm     .   i - scarf {+Inv}
rCorr    .         Rampage  .   (no gloves)
Will     .....                  (no boots)
Stlth    ++........             (no amulet)
HPRegen  0.09/turn              (no ring)
MPRegen  0.13/turn              (no ring)

@: no status effects
A: no striking features
a: Renounce Religion, Evoke Invisibility


You were on level 4 of the Dungeon.
You worshipped Makhleb.
Makhleb was noncommittal.
You visited 1 branch of the dungeon, and saw 4 of its levels.

You collected 132 gold pieces.

Inventory:

Hand Weapons
 b - a +0 dagger of protection
 j - a +1 short sword of protection
 k - a +0 rapier of flaming (weapon)
Armour
 a - a +0 robe (worn)
 i - a scarf of invisibility (worn)
Scrolls
 d - 2 scrolls of blinking
 e - 2 scrolls of magic mapping
 g - 3 scrolls of identify
Potions
 c - 2 potions of lignification
 f - 2 potions of ambrosia


   Skills:
 - Level 2.4 Dodging
 - Level 2.4 Stealth
 + Level 3.4 Spellcasting
 * Level 1.9 Conjurations
 - Level 1.1 Transmutations
 + Level 1.1 Air Magic
 + Level 5.8 Poison Magic


You couldn't memorise any spells.
You knew the following spells:

 Your Spells              Type           Power      Damage    Failure   Level
a - Sting                 Tmut/Pois      72%        1d6       3%          1
b - Poisonous Vapours     Pois/Air       36%        N/A       4%          2
c - Mephitic Cloud        Conj/Pois/Air  16%        N/A       12%         3
d - Olgreb's Toxic Radia  Pois           28%        N/A       11%         4

Your spell library contained the following spells:

 Spells                   Type           Power      Damage    Failure   Level
 Animate Skeleton         Necr           6%         N/A       13%         1
 Apportation              Tloc           6%         N/A       13%         1
 Corona                   Hex            3%         N/A       13%         1
 Summon Small Mammal      Summ           12%        N/A       13%         1


Dungeon Overview and Level Annotations

Branches:
Dungeon (4/15)
 Temple: D:4-7

Altars:
Makhleb
Nemelex Xobeh
Zin

Annotations:
D:3 Sigmund
D:4 2 runed translucent doors


Message History

The ball python bites you. The ball python barely misses you.
Aiming: Sting (safe; 3% risk of failure)
Press: ? - help, Q - select action, (/) - cycle Shift-Dir - straight line, f - ball python
Aim: a ball python (71% to hit)
The sting hits the ball python.
The ball python is poisoned.
You kill the ball python!
Makhleb accepts your kill.
HP restored.
An iguana comes into view.
The iguana hisses menacingly.
Aiming: Sting (safe; 3% risk of failure)
Press: ? - help, Q - select action, (/) - cycle Shift-Dir - straight line, f - iguana
Aim: an iguana (77% to hit)
The sting hits the iguana but does no damage.
The iguana is poisoned.
Aiming: Sting (safe; 3% risk of failure)
Press: ? - help, Q - select action, (/) - cycle Shift-Dir - straight line, f/p - iguana
Aim: an iguana (poisoned, 77% to hit)
The sting misses the iguana.
You completely miss the iguana. The iguana bites you!
You hit the iguana but do no damage.
The iguana is lightly wounded.
The iguana looks more healthy.
The iguana barely misses you.
Aiming: Sting (safe; 3% risk of failure)
Press: ? - help, Q - select action, (/) - cycle Shift-Dir - straight line, f/p - iguana
Aim: an iguana (lightly wounded, 77% to hit)
The sting hits the iguana.
The iguana is poisoned.
The iguana is moderately wounded.
The iguana bites you!
* * * LOW HITPOINT WARNING * * *
There is a stone staircase leading up here.
The iguana looks more healthy.
Aiming: Sting (safe; 3% risk of failure)
Press: ? - help, Q - select action, (/) - cycle Shift-Dir - straight line, f/p - iguana
Aim: an iguana (severely wounded, 77% to hit)
The sting hits the iguana but does no damage.
The iguana is poisoned.
The iguana is severely wounded.
The iguana bites you!
You die...

#. #...# #.##..
#.# #...####.##..
#.# #...#†.......
..# #............
#.. +......#.....
#.# #...##.#.#.##
#.####...##>#.#.##
#.l..<............
#@######..#.#.#.##
#...........#.....
########..#.#.#.##
#......#.#
.........#
#.##.....#
.........# #..
..## .. #


You could see an iguana (poisoned).

Vanquished Creatures
  A howler monkey (D:3)
  3 gnolls (D:3)
  3 adders
  2 dart slugs
  5 bats
  5 endoplasms
  2 giant cockroaches
  9 goblins
  7 hobgoblins
  9 jackals
  9 kobolds
  2 quokkas (D:1)
  7 ball pythons
  8 frilled lizards
  7 rats
79 creatures vanquished.

Notes
Turn   | Place    | Note
-------+----------+-------------------------------------------
     0 | D:1      | raph the Deep Elf Venom Mage began the quest for the Orb.
     0 | D:1      | Reached XP level 1. HP: 10/10 MP: 6/6
   270 | D:1      | Found a faded altar of an unknown god.
   376 | D:1      | Reached skill level 4 in Poison Magic
   376 | D:1      | Reached XP level 2. HP: 13/15 MP: 5/8
   419 | D:1      | Learned a level 2 spell: Poisonous Vapours
   868 | D:1      | Reached XP level 3. HP: 15/19 MP: 5/9
  1023 | D:1      | Learned a level 3 spell: Mephitic Cloud
  1597 | D:2      | Reached skill level 5 in Poison Magic
  1937 | D:2      | Reached XP level 4. HP: 22/24 MP: 4/10
  2104 | D:2      | Found a burning altar of Makhleb.
  2112 | D:2      | Became a worshipper of Makhleb the Destroyer
  2752 | D:3      | Reached skill level 1 in Conjurations
  2913 | D:3      | Found a sparkling altar of Nemelex Xobeh.
  2944 | D:3      | Found a glowing silver altar of Zin.
  3105 | D:3      | Noticed Sigmund
  3501 | D:3      | Reached skill level 1 in Air Magic
  3501 | D:3      | Reached XP level 5. HP: 16/28 MP: 7/12
  4259 | D:4      | Learned a level 4 spell: Olgreb's Toxic Radiance
  4331 | D:4      | Found a large runed translucent door.
  4332 | D:4      | Found a large runed translucent door.
  4436 | D:4      | Slain by an iguana

Illustrated notes

Levels and vault maps discovered:
D:1:      roderic_octagonal_star, layout_basic,
          shapermc_ecumenical_altar_mp_highgroup, minmay_tiny_reverse_x
D:2:      kennysheep_six_static_rooms, layout_loops_ring, basic_altar,
          minmay_circle_x
D:3:      layout_loops_corners, mainiacjoe_overflow_big_doors, uniq_sigmund
D:4:      layout_basic, nicolae_ru_great_annihilating_truth,
          jmf_multi_god_temple2

Skill      XL: |  1  2  3  4 |
---------------+-------------+-----
Poison Magic   | 4 5 |  5.8
Conjurations   | 1 |  1.9
Air Magic      | 1 |  1.1
Dodging        | |  2.4
Stealth        | |  2.4
Spellcasting   | |  3.4
Transmutations | |  1.1

Action                   |  1- 3 |  4- 6 || total
-------------------------+-------+-------++-------
Melee: Dagger            |    28 |    18 ||    46
       Rapier            |       |     2 ||     2
 Cast: Sting             |    54 |    37 ||    91
       Poisonous Vapours |    19 |    13 ||    32
       Mephitic Cloud    |       |     1 ||     1
  Use: Scroll            |     4 |     4 ||     8
 Stab: Sleeping          |     2 |       ||     2
Armor: Robe              |     9 |    10 ||    19
Dodge: Dodged            |    36 |    29 ||    65
